 Dungeon Crawl Stone Soup version 0.18.1-48-g4cf74bf (webtiles) character file.

419 sarahorange the Ducker (level 6, -2/61 HPs)
             Began as a Troll Fighter on Aug 15, 2016.
             Slain by attackplan's ghost (12 damage)
             ... on level 3 of the Dungeon.
             The game lasted 00:18:06 (3898 turns).

sarahorange the Ducker (Troll Fighter)              Turns: 3898, Time: 00:18:07

Health: -2/61      AC:  5    Str: 25    XL:     6   Next: 62%
Magic:  5/5        EV:  4    Int:  5    God:
Gold:   176        SH:  9    Dex: 10    Spells: 0 memorised, 5 levels left

rFire  . . .     SeeInvis .       - Unarmed
rCold  . . .     Gourm    +     a - +0 robe
rNeg   . . .     Faith    .     b - +0 shield
rPois  .         Spirit   .     (helmet restricted)
rElec  .         Dismiss  .     (no cloak)
rCorr  .         Reflect  .     (gloves unavailable)
SustAt .         Harm     .     (boots unavailable)
MR     .....                    (no amulet)
Stlth  +.........               (no ring)
                                (no ring)

@: not resistant to hostile enchantments, very unstealthy
A: unfitting armour, claws 3, fast metabolism 3, gourmand, regeneration 2,
shaggy fur 1, tough skin 2
a: no special abilities


You were on level 3 of the Dungeon.
You were very full.

You visited 1 branch of the dungeon, and saw 4 of its levels.

You collected 176 gold pieces.

Inventory:

Missiles
 k - 155 stones
 r - 4 tomahawks (quivered)
Armour
 a - a +0 robe (worn)
 b - a +0 shield (worn)
Wands
 t - a wand of flame (12/48)
 v - a wand of flame (26/48)
Scrolls
 e - 2 scrolls of identify
 f - 3 scrolls of amnesia {unknown}
 n - a scroll of remove curse {unknown}
 s - 2 scrolls of teleportation {unknown}
Potions
 c - a potion of might
 g - 2 potions of brilliance {unknown}
 i - a potion of resistance {unknown}
 j - a potion of degeneration {unknown}
 p - 3 potions of lignification {unknown}
 q - a potion of invisibility {unknown}
 u - a potion of agility {unknown}
Comestibles
 d - 6 bread rations
 h - 2 chunks of flesh
 l - a beef jerky
 m - 4 fruits
 o - a meat ration


   Skills:
 + Level 3.2 Fighting
 + Level 4.2 Dodging
 + Level 0.4 Stealth
 + Level 3.6 Shields
 + Level 3.8 Unarmed Combat


You had 5 spell levels left.
You didn't know any spells.

Dungeon Overview and Level Annotations

Branches:
Dungeon (4/15)
 Temple: D:4-7

Altars:
Ashenzari
Elyvilon
Sif Muna
Trog
Vehumet

Annotations:
D:3 attackplan's ghost, amateur HOFi
D:4 Grinder


Innate Abilities, Weirdness & Mutations

You are too large for most types of armour.
You have claws for hands.
Your metabolism is lightning-fast.
You like to eat raw meat.
You heal very quickly.
You are covered in fur (AC +1).
You have very tough skin (AC +2).


Message History

You scratch attackplan's ghost but do no damage.
Attackplan's ghost is heavily damaged.
Attackplan's ghost hits you!
You scratch attackplan's ghost but do no damage.
Attackplan's ghost is heavily damaged.
You closely miss attackplan's ghost.
Attackplan's ghost is heavily damaged.
Attackplan's ghost hits you!
You scratch attackplan's ghost but do no damage.
Attackplan's ghost is heavily damaged.
Attackplan's ghost hits you!
You barely miss attackplan's ghost.
Attackplan's ghost is heavily damaged.
Attackplan's ghost hits you but does no damage.
You barely miss attackplan's ghost.
Attackplan's ghost is heavily damaged.
Attackplan's ghost hits you!
* * * LOW HITPOINT WARNING * * *
Attackplan's ghost hits you!
You die...

#.#..(..............##.##.##.#
#.#.#.........#####..........#
#.#.#.###.....#####..####...##
####.....# #............#
###.#
......#..###............# #.#
####.#.#..........####..# #<#
.).....###.###).(## #..# #.#
####.### #.# ##[W# #..# #.# #
#.# #.# #.@#####..######.# #.#
#.# #................# #.# #.#
#.######..######## #.# #.# #.#
##...## #.#####.# #.####.....#
#.#.....# #.........##
#.#.##### ########[.# #.#.#
##.# #.#.# #.#


You could see attackplan's ghost.

Vanquished Creatures
  The ghost of Heedrag the Conjurer, an amateur DECj of Vehumet (D:4)
  A howler monkey (D:4)
  Natasha (thrice) (D:3)
  A worker ant (D:4)
  A hound skeleton (D:4)
  A howler monkey skeleton (D:4)
  6 adders
  A worm (D:3)
  5 dart slugs
  3 giant geckos
  8 orcs
  3 giant cockroaches
  9 goblins
  12 hobgoblins
  3 jackals (D:2)
  4 kobolds
  2 quokkas (D:2)
  A bat (D:1)
  10 giant newts
  12 rats
87 creatures vanquished.

Notes
Turn   | Place    | Note
--------------------------------------------------------------
     0 | D:1      | sarahorange the Troll Fighter began the quest for the Orb.
     0 | D:1      | Reached XP level 1. HP: 22/22 MP: 0/0
    92 | D:1      | Reached XP level 2. HP: 29/29 MP: 1/1
  1103 | D:2      | Reached XP level 3. HP: 32/36 MP: 2/2
  1245 | D:2      | Found a deep blue altar of Sif Muna.
  1276 | D:2      | Reached skill level 3 in Dodging
  1381 | D:2      | Found a bloodstained altar of Trog.
  1653 | D:2      | Reached XP level 4. HP: 39/44 MP: 3/3
  1990 | D:3      | Noticed Natasha
  1999 | D:3      | Killed Natasha
  2009 | D:3      | Noticed attackplan's ghost (amateur HOFi)
  2223 | D:3      | Found a faded altar to an unknown god.
  2441 | D:3      | Reached XP level 5. HP: 53/53 MP: 4/4
  2575 | D:3      | Found a shattered altar of Ashenzari.
  2657 | D:3      | Noticed Natasha
  2669 | D:3      | Killed Natasha
  2681 | D:3      | Noticed Natasha
  2689 | D:3      | Killed Natasha
  2805 | D:3      | Found a bloodstained altar of Trog.
  3466 | D:4      | Reached XP level 6. HP: 61/61 MP: 5/5
  3496 | D:4      | Found a radiant altar of Vehumet.
  3649 | D:4      | Found a white marble altar of Elyvilon.
  3651 | D:4      | Noticed Heedrag's ghost (amateur DECj)
  3661 | D:4      | Killed Heedrag's ghost
  3661 | D:4      | Reached skill level 4 in Dodging
  3704 | D:4      | Noticed Grinder
  3898 | D:3      | Slain by attackplan's ghost

Skill      XL: |  1  2  3  4  5  6 |
---------------+-------------------+-----
Dodging        | 3 4 |  4.2
Shields        | 3 |  3.6
Fighting       | 3 |  3.2
Unarmed Combat | 3 |  3.8
Stealth        | |  0.4

Action                   |  1- 3 |  4- 6 || total
-------------------------+-------+-------++-------
Melee: Unarmed           |   122 |   190 ||   312
Throw: Tomahawk          |       |     3 ||     3
  Use: Scroll            |       |     1 ||     1
 Stab: Sleeping          |     1 |       ||     1
  Eat: Chunk             |    21 |    19 ||    40
Armor: Robe              |    32 |    42 ||    74
Dodge: Dodged            |    35 |    44 ||    79
Block: Shield            |    45 |    68 ||   113
